Get step-by-step instructions on how to execute this build order below. Start the game timer, and the build order will tick by so you can play in parallel with StarCraft on a second screen or mobile device.

Game Time

  0:00

Last Step

  N/A

Next Step

  12  0:01  SCV  

Upcoming Step

  13  0:14  Supply Depot  

Don't want to look back and forth between 2 screens? Try out our Overwolf App, the Spawning Tool Build Advisor to get an in-game overlay with this build!

Complete Build Order

  12  0:01  SCV  
  13  0:14  Supply Depot  
  13  0:18  SCV  
  14  0:30  SCV  
  15  0:39  Barracks  
  15  0:46  Supply Depot  
  15  0:51  SCV  
  16  1:04  SCV  
  17  1:06  Refinery  
  17  1:16  SCV  
  18  1:25  Marine  
  18  1:28  SCV  
  20  1:42  Command Center  
  20  1:47  SCV  
  20  1:51  Marine  
  22  1:59  SCV  
  22  2:00  Supply Depot  
  23  2:09  Marine  
  23  2:14  Refinery, SCV  
  25  2:24  Supply Depot  
  25  2:27  Marine  
  26  2:32  SCV  
  27  2:44  SCV  
  27  2:46  Supply Depot  
  27  2:47  Marine  
  30  2:58  SCV  
  30  3:01  Factory  
  30  3:03  Orbital Command  
  30  3:10  SCV  
  30  3:11  Supply Depot  
  31  3:13  Marine  
  32  3:22  SCV  
  33  3:32  SCV  
  34  3:35  Orbital Command  
  34  3:44  SCV  
  34  3:47  Engineering Bay  
  35  3:54  Supply Depot  
  35  3:56  SCV  
  35  4:00  SCV  
  37  4:07  Factory Tech Lab  
  37  4:08  SCV, Barracks Tech Lab  
  38  4:12  SCV  
  38  4:17  Supply Depot, Terran Infantry Weapons Level 1  
  39  4:20  SCV, Missile Turret  
  40  4:24  SCV  
  40  4:27  Refinery  
  40  4:29  Marine, Refinery  
  42  4:32  Combat Shield  
  42  4:38  Siege Tank  
  45  4:41  Supply Depot  
  45  4:43  Missile Turret  
  45  4:46  Marine  
  46  4:57  SCV  
  47  5:00  SCV  
  47  5:04  Marine  
  49  5:09  SCV  
  49  5:10  Siege Tank  
  49  5:12  SCV  
  54  5:21  SCV  
  54  5:22  Marine  
  54  5:24  SCV  
  57  5:34  SCV  
  58  5:36  SCV  
  58  5:40  Marine  
  58  5:42  Infernal Pre-Igniter  
  60  5:46  SCV  
  60  5:48  SCV  
  62  5:50  Engineering Bay  
  62  5:53  Armory  
  62  5:58  Marine  
  62  6:03  Sensor Tower  
  63  6:07  Sensor Tower  
  63  6:12  Stimpack  
  63  6:26  Sensor Tower  
  63  6:27  SCV  
  63  6:31  SCV  
  65  6:39  SCV  
  66  6:40  Terran Infantry Armor Level 1, Terran Infantry Weapons Level 2  
  66  6:43  SCV, Terran Vehicle Weapons Level 1  
  67  6:51  Armory  
  67  6:52  Command Center  
  67  6:59  Supply Depot  
  67  7:01  Supply Depot  
  67  7:03  Marine  
  67  7:05  Siege Tank  
  71  7:21  Marine  
  71  7:22  Supply Depot  
  72  7:25  Supply Depot  
  72  7:35  SCV  
  73  7:38  Marine  
  73  7:41  SCV  
  75  7:47  SCV  
  76  7:53  SCV, Starport  
  76  7:56  Marine  
  76  7:57  Terran Ship Weapons Level 1  
  78  7:59  Starport  
  78  8:06  Planetary Fortress  
  78  8:10  Refinery  
  78  8:11  Refinery, SCV  
  79  8:14  Marine  
  79  8:16  SCV  
  81  8:23  SCV  
  82  8:28  SCV  
  82  8:29  Starport  
  82  8:32  Starport Tech Lab  
  83  8:35  SCV, Starport Tech Lab  
  83  8:41  Fusion Core, SCV, Terran Vehicle Weapons Level 2  
  85  8:44  SCV  
  85  8:47  SCV  
  87  8:53  SCV  
  88  8:56  SCV  
  88  8:59  SCV  
  90  9:05  SCV  
  90  9:08  SCV  
  92  9:12  SCV  
  93  9:17  SCV, Cloaking Field, Starport Tech Lab  
  93  9:19  Hyperflight Rotors, Command Center  
  93  9:20  SCV  
  93  9:21  Banshee x2  
  93  9:24  SCV  
  102  9:29  SCV  
  103  9:32  SCV  
  103  9:36  SCV, Barracks  
  105  9:39  Advanced Ballistics  
  105  9:41  SCV, Barracks  
  106  9:48  Terran Infantry Weapons Level 3  
  106  9:52  Banshee  
  106  9:58  Terran Ship Weapons Level 2  
  109  10:03  Banshee  
  112  10:08  Banshee  
  115  10:15  Supply Depot  
  115  10:19  Supply Depot  
  115  10:25  Barracks  
  115  10:26  Supply Depot  
  115  10:29  Barracks  
  115  10:32  Planetary Fortress  
  115  10:37  SCV  
  116  10:49  SCV  
  117  10:58  Rapid Reignition System  
  117  10:59  Terran Vehicle Weapons Level 3  
  117  11:01  SCV, Terran Infantry Armor Level 2  
  118  11:13  SCV  
  119  11:19  SCV  
  119  11:20  Refinery  
  119  11:21  Refinery  
  121  11:25  SCV  
  121  11:31  SCV  
  107  11:43  SCV  
  108  11:54  Barracks Reactor x2  
  108  11:55  SCV, Command Center  
  108  11:57  Barracks Reactor  
  108  12:00  Barracks Reactor  
  109  12:06  Medivac x2  
  109  12:07  SCV, Medivac  
  116  12:25  Neosteel Armor  
  116  12:26  Supply Depot  
  116  12:32  SCV  
  116  12:36  Medivac x2  
  116  12:37  Medivac  
  123  12:41  Marine x5  
  123  12:42  Marine x3  
  131  12:44  SCV  
  132  12:58  Supply Depot  
  132  12:59  Marine x6  
  132  13:00  Marine x2  
  140  13:06  Liberator x3  
  140  13:07  Siege Tank  
  140  13:10  Planetary Fortress  
  152  13:14  Refinery  
  152  13:16  Marine  
  152  13:17  Marine x6  
  152  13:18  Marine  
  160  13:34  Marine x2  
  160  13:35  Refinery, Marine x6  
  160  13:39  Siege Tank  
  171  14:16  Liberator x3  
  180  14:19  Terran Ship Weapons Level 3  
  180  14:20  Terran Vehicle And Ship Armor Level 1  
  180  14:22  Terran Infantry Armor Level 3  
  180  14:23  Hi-Sec Auto Tracking  
  180  14:43  SCV  
  181  14:56  SCV  
  182  15:04  Liberator x3  
  191  15:08  SCV  
  192  15:20  SCV  
  193  15:32  SCV  
  152  16:47  Raven  
  152  16:48  Raven x2  
  158  16:55  Marine x4  
  158  16:56  Marine x5  
  164  17:06  Siege Tank  
  167  17:13  Marine x5  
  167  17:14  Marine x4  
  176  17:30  Liberator  
  176  17:31  Marine x7, Liberator  
  176  17:32  Marine x2  
  191  17:39  Siege Tank  
  191  17:43  Command Center  
  194  17:45  Smart Servos  
  194  17:47  Starport Reactor  
  194  17:48  Marine  
  194  17:49  Marine x5  
  200  18:03  Corvid Reactor  
  200  18:20  Terran Vehicle And Ship Armor Level 2  
  200  18:21  Starport Reactor  
  200  19:03  Drilling Claws  
  143  20:22  Medivac x4, Mag-Field Accelerator  
  143  20:23  Medivac  
  144  20:52  Medivac  
  137  21:06  Raven  
  137  21:09  Viking x3  
  145  21:13  Marine  
  145  21:14  Marine x7  
  145  21:15  Marine  
  154  21:22  Viking  
  154  21:23  Refinery  
  156  21:31  Marine x2  
  156  21:32  Marine x7  
  162  21:39  Viking  
  148  21:43  Planetary Fortress  
  148  21:45  Refinery  
  148  21:49  Marine x3, Raven  
  148  21:50  Marine x6  
  148  21:52  Terran Vehicle And Ship Armor Level 3  
  159  21:57  Viking x2  
  159  21:58  Viking  
  165  22:07  Marine x5  
  165  22:08  Marine x4  
  172  22:09  Viking  
  176  22:25  Marine x6  
  176  22:26  Marine x3  
  176  22:27  Viking x2  
  176  22:28  Viking  
  191  22:32  Raven  
  193  22:39  Viking  
  193  22:42  Marine  
  193  22:43  Marine x6  
  193  22:44  Marine x2  
  189  22:54  Command Center  
  189  23:00  Marine  
  88  23:48  Cyclone  
  88  23:51  Marine x3  
  88  23:52  Marine x6  
  100  24:09  Marine x5  
  99  24:10  Marine x4  
  99  24:11  Raven  
  99  24:12  Viking  
  99  24:13  Viking x3  
  111  24:20  Cyclone  
  113  24:27  Marine x6  
  113  24:28  Marine x3  
  120  24:42  Viking  
  120  24:43  Viking x3  
  120  24:45  Marine x7  
  132  24:46  Marine x2  
  137  24:53  Cyclone  
  137  24:54  Raven  
  137  24:56  Refinery  
  142  25:02  Command Center  
  142  25:03  Marine  
  143  25:12  Viking  
  143  25:13  Viking x3, Factory x2  
  151  25:14  Factory  
  151  25:25  Cyclone  
  154  25:37  Raven  
  154  25:42  Viking x2  
  156  25:43  Viking x2  
  164  25:57  Cyclone  
  94  26:42  Factory Tech Lab x3  
  94  27:01  Command Center  
  94  27:04  Thor  
  94  27:05  Thor x2  
  112  27:10  Thor  
  118  27:23  Refinery  
  118  27:27  Refinery  
  118  27:29  Refinery  
  118  27:47  Thor x2  
  118  27:48  Thor  
  136  27:53  Thor  
  126  28:30  Thor x3  
  126  28:33  SCV  
  145  28:43  Planetary Fortress  
  145  28:46  SCV  
  146  28:55  Command Center  
  146  28:59  SCV  
  147  29:03  SCV  
  148  29:10  Weapon Refit  
  148  29:11  SCV  
  148  29:15  SCV  
  150  29:24  Cyclone x3  
  150  29:29  Cyclone  
  162  29:35  Ghost Academy  
  162  29:37  Ghost Academy  
  162  29:40  Ghost Academy  
  162  29:41  Ghost Academy  
  162  29:45  Refinery  
  162  29:46  Refinery  
  162  29:54  SCV  
  162  29:56  Cyclone x3  
  172  30:01  Cyclone  
  172  30:06  SCV  
  176  30:09  SCV  
  177  30:18  SCV  
  179  30:28  Cyclone x3  
  179  30:30  SCV  
  179  30:33  Cyclone  
  189  30:42  SCV  
  175  31:05  Cyclone  
  172  31:24  Thor x3  
  175  31:29  Marine x2  
  175  31:30  Marine x7  
  169  31:47  Marine x3  
  169  31:48  Marine x4  
  140  32:35  SCV  
  141  32:37  Factory Tech Lab  
  141  32:38  Factory Tech Lab  
  141  32:47  SCV  
  130  32:59  SCV